AoeStats
← dbriscik aka Bor

Hideout

508535513Analyzed
1v1 RM · 8d ago on Sep 22, 2026· 56m 9s· 2 players
Game mode
Random Map
Map size
Tiny (2 player)
Population
200
Speed
Normal
Resources
Standard
Victory
Conquest
Starting age
Dark Age
Ending age
Imperial Age
RankedLock teamsTeams togetherTeam positionsShared explorationLock speedFull tech treeHidden civsTurbo modeCheats
Victory
Defeat
🇦🇷 Chinese · Argentina
948
+13
🇸🇮 Hindustanis · Slovenia
884
-13
dbriscik aka Bor
0:29 Loom
12:16 Feudal Age
13:11 Town Watch
14:02 Wheelbarrow
15:20 Horse Collar
24:13 Castle Age
22:13 Double-Bit Axe
22:26 Stone Mining
22:50 Gold Mining
25:15 Hand Cart
25:28 Bow Saw
25:56 Fortified Wall
25:56 Heavy Plow
27:30 Stone Shaft Mining
27:55 Forging
27:36 Fletching
28:46 Gold Shaft Mining
36:32 Imperial Age
35:10 Murder Holes
37:23 Husbandry
37:45 Heavy Camel Rider
39:03 Conscription
51:04 Elite Skirmisher
54:18 Scale Mail Armor
franeze92
0:30 Loom
12:00 Feudal Age
16:12 Castle Age
14:09 Horse Collar
15:52 Double-Bit Axe
18:29 Wheelbarrow
25:31 Imperial Age
25:11 Scale Barding Armor
25:18 Forging
24:55 Town Watch
25:26 Hand Cart
25:25 Bow Saw
25:06 Light Cavalry
26:36 Gold Mining
27:06 Husbandry
28:01 Heavy Rocket Cart
29:25 Gold Shaft Mining
29:16 Chain Barding Armor
29:21 Bloodlines
30:04 Iron Casting
30:13 Town Patrol
31:05 Plate Barding Armor
33:40 Fletching
34:51 Blast Furnace
33:51 Padded Archer Armor
37:31 Bodkin Arrow
37:52 Leather Archer Armor
37:00 Elite Chu Ko Nu
40:55 Stone Mining
41:52 Ring Archer Armor
41:24 Bracer
43:35 Ballistics
44:16 Chemistry
51:05 Stone Shaft Mining
Connection lost

Rejoining the realm…

Still unreachable

The connection could not be restored.

Session expired

The server has moved on; the page needs a fresh start.